AoeStats
← bumbsbomba74

Arabia

503277885Analyzed
1v1 RM · 1mo ago on Aug 30, 2026· 20m 31s· 2 players
Game mode
Random Map
Map size
Tiny (2 player)
Population
200
Speed
Normal
Resources
Standard
Victory
Conquest
Starting age
Dark Age
Ending age
Imperial Age
RankedLock teamsTeams togetherTeam positionsShared explorationLock speedFull tech treeHidden civsTurbo modeCheats
Victory
Defeat
🇩🇪 Slavs · Germany
1362
+17
🇮🇳 Koreans · India
1394
-17
bumbsbomba74
6:46 Loom
8:54 Feudal Age
9:16 Man-at-Arms
19:37 Castle Age
17:59 Fletching
18:50 Padded Archer Armor
20:16 Bodkin Arrow
19:43 Crossbowman
Dark_Shelly
4:42 Loom
10:19 Feudal Age
19:14 Fletching
Connection lost

Rejoining the realm…

Still unreachable

The connection could not be restored.

Session expired

The server has moved on; the page needs a fresh start.